 Dungeon Crawl Stone Soup version 0.20.2-3-g29329e0561 (webtiles) character file.

95 Alfie the Skirmisher (level 4, 0/40 HPs)
             Began as a Hill Orc Fighter on Jan 9, 2023.
             Slain by a gnoll (3 damage)
             ... on level 3 of the Dungeon.
             The game lasted 00:03:33 (1779 turns).

Alfie the Skirmisher (Hill Orc Fighter)             Turns: 1779, Time: 00:03:34

Health: 0/40       AC:  7    Str: 24    XL:     4   Next: 65%
Magic:  4/4        EV:  7    Int:  8    God:
Gold:   76         SH:  9    Dex: 10    Spells: 3/3 levels left

rFire    . . .     SeeInvis .   a - +0 rapier
rCold    . . .     Gourm    .   c - +0 shield
rNeg     . . .     Faith    .   b - +0 scale mail
rPois    .         Spirit   .   (no helmet)
rElec    .         Reflect  .   (no cloak)
rCorr    .         Harm     .   (no gloves)
MR       .....                  (no boots)
Stlth    ..........             (no amulet)
Regen    0.2/turn               (no ring)
MPRegen  0.1/turn               (no ring)

@: mighty
A: no striking features
a: no special abilities


You were on level 3 of the Dungeon.
You were not hungry.

You visited 1 branch of the dungeon, and saw 3 of its levels.

You collected 76 gold pieces.

Inventory:

Hand Weapons
 a - a +0 rapier (weapon)
Armour
 b - a +0 scale mail (worn)
 c - a +0 shield (worn)
Scrolls
 i - 2 scrolls of magic mapping {unknown}
 l - 2 scrolls of teleportation {unknown}
 m - a scroll of enchant weapon {unknown}
 n - a scroll of amnesia {unknown}
 o - a scroll of random uselessness {unknown}
 p - 2 scrolls of identify {unknown}
 r - a scroll of blinking {unknown}
 t - 3 scrolls of fear {unknown}
Potions
 d - 2 potions of might
 e - a potion of brilliance {unknown}
 g - a potion of agility {unknown}
 h - a potion of curing {unknown}
 j - 2 potions of cancellation {unknown}
 k - 2 potions of degeneration {unknown}
 s - a potion of flight {unknown}
Comestibles
 f - 2 bread rations
 q - a meat ration


   Skills:
 + Level 4.3 Fighting
 + Level 3.1 Short Blades
 + Level 4.0 Armour
 + Level 3.9 Shields


You had 3 spell levels left.
You didn't know any spells.

Dungeon Overview and Level Annotations

Branches:
Dungeon (3/15)

Altars:
Ashenzari
Okawaru
Ru
The Shining One


Message History

The gnoll closely misses you.
You barely miss the gnoll.
The gnoll is severely wounded.
You block the gnoll's attack. The gnoll barely misses you.
You hit the gnoll.
The gnoll is almost dead.
The gnoll closely misses you. The gnoll hits you but does no damage.
You barely miss the gnoll.
The gnoll is almost dead.
The gnoll hits you but does no damage.
The gnoll hits you from afar with a halberd.
* * * LOW HITPOINT WARNING * * *
You closely miss the gnoll.
The gnoll is almost dead.
You block the gnoll's attack.
The gnoll hits you from afar with a halberd.
* * * LOW HITPOINT WARNING * * *
You feel very mighty all of a sudden. The gnoll hits you.
You die...

#...##..#
###.##..#
#...†...#
#.###...####
... #......#
### #..###.#
.....# #.#
#.....# #.#
#...### #@#
#..# #g# #..
#g#


#gg #..# #..# #..# #..# ...# You could see 4 gnolls.

Vanquished Creatures
  4 adders
  A worm (D:2)
  A dart slug (D:2)
  2 leopard geckos
  An orc (D:3)
  A bat (D:2)
  2 giant cockroaches (D:1)
  10 goblins
  3 hobgoblins
  7 jackals
  3 quokkas
  4 frilled lizards
  2 kobolds
  6 rats
47 creatures vanquished.

Notes
Turn   | Place    | Note
-------+----------+-------------------------------------------
     0 | D:1      | Alfie the Hill Orc Fighter began the quest for the Orb.
     0 | D:1      | Reached XP level 1. HP: 19/19 MP: 1/1
    88 | D:1      | Reached XP level 2. HP: 22/27 MP: 2/2
   944 | D:2      | Reached XP level 3. HP: 30/33 MP: 3/3
  1014 | D:2      | Found a shattered altar of Ashenzari.
  1040 | D:2      | Found a glowing golden altar of the Shining One.
  1055 | D:2      | Found an iron altar of Okawaru.
  1338 | D:2      | Reached XP level 4. HP: 30/40 MP: 4/4
  1618 | D:3      | Found a sacrificial altar of Ru.
  1779 | D:3      | Slain by a gnoll

Skill      XL: |  1  2  3  4 |
---------------+-------------+-----
Fighting       | 4 |  4.3
Short Blades   | 3 |  3.1
Armour         | 4 |  4.0
Shields        | |  3.9

Action                   |  1- 3 |  4- 6 || total
-------------------------+-------+-------++-------
Melee: Rapier            |   137 |    56 ||   193
  Use: Scroll            |     1 |       ||     1
       Potion            |       |     1 ||     1
  Eat: Bread ration      |     1 |       ||     1
Armor: Scale mail        |    48 |    19 ||    67
Dodge: Dodged            |    29 |    13 ||    42
Block: Shield            |    61 |    28 ||    89
